AA NE
NEW HAMPSHIRE FISHER CATS @ ERIE SEAWOLVES
04/20/2042
 
TOP OF THE 1ST
New Hampshire Fisher Cats batting - Pitching for Erie SeaWolves : RHP Jamal Smith
Pitching: RHP Jamal Smith
Batting: LHB Jim Ford 0-0: Ground out U3 (Groundball, 3, EV 94.4 MPH)
Batting: RHB Raúl Ramírez 0-0: Ball
1-0: Ball
2-0: Called Strike
2-1: Fly out, F9 (Flyball, 9, EV 85.0 MPH)
Batting: SHB Eustachio Tucci 0-0: Foul Ball, location: 3F
0-1: Ball
1-1: Ball
2-1: Fly out, F4 (Line Drive, 4, EV 67.5 MPH)
Top of the 1st over - 0 runs, 0 hits, 0 errors, 0 left on base; New Hampshire 0 - Erie 0
BOTTOM OF THE 1ST
Erie SeaWolves batting - Pitching for New Hampshire Fisher Cats : RHP Apomurti Sudhanshu
Pitching: RHP Apomurti Sudhanshu
Batting: LHB José Hernández 0-0: Foul Ball, location: 9LMF
0-1: Ball
1-1: SINGLE (Line Drive, 6D, EV 98.8 MPH)
Batting: RHB Rocky Brown 0-0: Ball
1-0: Called Strike
1-1: Called Strike
1-2: Foul Ball, location: 9LDF
1-2: Ball
2-2: Ball
3-2: Fly out, F9 (Line Drive, 9, EV 91.9 MPH)
Batting: LHB Víctor Echevarría 0-0: Foul Ball, location: 5FF
0-1: Foul Ball, location: 2F
0-2: Ball
1-2: Foul Ball, location: 5FF
1-2: Fly out, F7 (Flyball, 7D, EV 103.1 MPH)
Batting: SHB Dave Brooks 0-0: Ball
1-0: Ball
2-0: Hit by Pitch
José Hernández to second
Batting: SHB António González 0-0: Ball
1-0: Swinging Strike
1-1: Ball
2-1: Foul Ball, location: 2F
2-2: Ball
3-2: Fly out, F7 (Flyball, 78S, EV 79.4 MPH)
Bottom of the 1st over - 0 runs, 1 hit, 0 errors, 2 left on base; New Hampshire 0 - Erie 0
TOP OF THE 2ND
New Hampshire Fisher Cats batting - Pitching for Erie SeaWolves : RHP Jamal Smith
Batting: LHB Ben Browning 0-0: Foul Ball, location: 2F
0-1: Ball
1-1: Ball
2-1: Swinging Strike
2-2: Ball
3-2: Base on Balls
Batting: RHB Tony Blevins 0-0: Swinging Strike
0-1: Foul Ball, location: 5DF
0-2: Foul Ball, location: 25F
0-2: Strikes out looking
Batting: LHB Walt Ramsey 0-0: Foul Ball, location: 25F
0-1: Ball
1-1: Grounds into double play, 4-6-3 (Groundball, 4, EV 98.8 MPH)
Top of the 2nd over - 0 runs, 0 hits, 0 errors, 0 left on base; New Hampshire 0 - Erie 0
BOTTOM OF THE 2ND
Erie SeaWolves batting - Pitching for New Hampshire Fisher Cats : RHP Apomurti Sudhanshu
Batting: RHB Bob Adams 0-0: Ball
1-0: Ball
2-0: Foul Ball, location: 9LSF
2-1: SINGLE (Groundball, 13S, EV 71.3 MPH) (infield hit)
Batting: RHB Dan Strong 0-0: SINGLE (Groundball, 34D, EV 106.3 MPH)
Bob Adams to second
Runner from 2nd tries for 3rd, SAFE, throw by RF made to third
Batting: RHB Bob Barber 0-0: Ball
1-0: Ball
2-0: Called Strike
2-1: Ball
3-1: Fly out, F3 (Popup, 3S, EV 75.6 MPH)
Batting: RHB Oliver Vera 0-0: Called Strike
0-1: Ball
1-1: Foul Ball, location: 2F
1-2: Ball
2-2: Fly out, F7 (Flyball, 78S, EV 86.9 MPH)
Batting: LHB José Hernández 0-0: Ball
1-0: Ball
2-0: Called Strike
2-1: Foul Ball, location: 5F
2-2: Ball
3-2: Ground out 6-3 (Groundball, 6, EV 103.1 MPH)
Bottom of the 2nd over - 0 runs, 2 hits, 0 errors, 2 left on base; New Hampshire 0 - Erie 0
TOP OF THE 3RD
New Hampshire Fisher Cats batting - Pitching for Erie SeaWolves : RHP Jamal Smith
Batting: RHB Jimmy Kirk 0-0: Ball
1-0: Called Strike
1-1: Fly out, F3 (Line Drive, 34, EV 67.5 MPH)
Batting: RHB Luis Cuestas 0-0: Called Strike
0-1: Ball
1-1: Ball
2-1: Ball
3-1: Called Strike
3-2: Foul Ball, location: 2F
3-2: Base on Balls
Batting: RHB Juan Vázquez 0-0: DOUBLE (Line Drive, 7LM, EV 108.8 MPH)
Luis Cuestas to third
Batting: LHB Jim Ford 0-0: Ground out 4-3 (Groundball, 4, EV 85.6 MPH)
Batting: RHB Raúl Ramírez 0-0: Ball
1-0: Called Strike
1-1: Ball
2-1: Foul Ball, location: 9LSF
2-2: Ball
3-2: Foul Ball, location: 2F
3-2: Strikes out swinging
Top of the 3rd over - 0 runs, 1 hit, 0 errors, 2 left on base; New Hampshire 0 - Erie 0
BOTTOM OF THE 3RD
Erie SeaWolves batting - Pitching for New Hampshire Fisher Cats : RHP Apomurti Sudhanshu
Batting: RHB Rocky Brown 0-0: Called Strike
0-1: Ball
1-1: Ball
2-1: SINGLE (Line Drive, 6D, EV 96.3 MPH)
Batting: LHB Víctor Echevarría 0-0: Ball
1-0: Foul Ball, location: 3F
1-1: Called Strike
1-2: Strikes out looking
Batting: SHB Dave Brooks 0-0: Fielders Choice at 2nd, 5-4 (Groundball, 56, EV 90.0 MPH)
Batting: SHB António González 0-0: Ball
1-0: Ball
2-0: Ball
3-0: Called Strike
3-1: Called Strike
3-2: Fly out, F8 (Flyball, 8RD, EV 98.1 MPH)
Bottom of the 3rd over - 0 runs, 1 hit, 0 errors, 1 left on base; New Hampshire 0 - Erie 0
TOP OF THE 4TH
New Hampshire Fisher Cats batting - Pitching for Erie SeaWolves : RHP Jamal Smith
Batting: SHB Eustachio Tucci 0-0: Ball
1-0: Swinging Strike
1-1: Ball
2-1: Ground out 4-3 (Groundball, 4, EV 85.0 MPH)
Batting: LHB Ben Browning 0-0: Fly out, F8 (Flyball, 78S, EV 85.6 MPH)
Batting: RHB Tony Blevins 0-0: Ball
1-0: Called Strike
1-1: Foul Ball, location: 3F
1-2: Foul Ball, location: 5FF
1-2: Strikes out looking
Top of the 4th over - 0 runs, 0 hits, 0 errors, 0 left on base; New Hampshire 0 - Erie 0
BOTTOM OF THE 4TH
Erie SeaWolves batting - Pitching for New Hampshire Fisher Cats : RHP Apomurti Sudhanshu
Batting: RHB Bob Adams 0-0: Called Strike
0-1: Called Strike
0-2: Ball
1-2: Ground out U3 (Groundball, 34, EV 105.6 MPH)
Batting: RHB Dan Strong 0-0: Ground out 6-3 (Groundball, 6, EV 108.8 MPH)
Batting: RHB Bob Barber 0-0: Ball
1-0: Ball
2-0: Foul Ball, location: 9LDF
2-1: Ball
3-1: Called Strike
3-2: Strikes out swinging
Bottom of the 4th over - 0 runs, 0 hits, 0 errors, 0 left on base; New Hampshire 0 - Erie 0
TOP OF THE 5TH
New Hampshire Fisher Cats batting - Pitching for Erie SeaWolves : RHP Jamal Smith
Batting: LHB Walt Ramsey 0-0: Fly out, F7 (Flyball, 7, EV 97.5 MPH)
Batting: RHB Jimmy Kirk 0-0: Ball
1-0: Fly out, F7 (Flyball, 7D, EV 83.8 MPH)
Batting: RHB Luis Cuestas 0-0: Ball
1-0: Fly out, F9 (Flyball, 89M, EV 93.1 MPH)
Top of the 5th over - 0 runs, 0 hits, 0 errors, 0 left on base; New Hampshire 0 - Erie 0
BOTTOM OF THE 5TH
Erie SeaWolves batting - Pitching for New Hampshire Fisher Cats : RHP Apomurti Sudhanshu
Batting: RHB Oliver Vera 0-0: Ball
1-0: Swinging Strike
1-1: Called Strike
1-2: Foul Ball, location: 25F
1-2: Strikes out looking
Batting: LHB José Hernández 0-0: Called Strike
0-1: Called Strike
0-2: Ball
1-2: Ball
2-2: Foul Ball, location: 7LSF
2-2: Ball
3-2: Ground out 4-3 (Groundball, 4, EV 88.8 MPH)
Batting: RHB Rocky Brown 0-0: Ball
1-0: Ball
2-0: Foul Ball, location: 9LMF
2-1: Swinging Strike
2-2: Strikes out swinging
Bottom of the 5th over - 0 runs, 0 hits, 0 errors, 0 left on base; New Hampshire 0 - Erie 0
TOP OF THE 6TH
New Hampshire Fisher Cats batting - Pitching for Erie SeaWolves : RHP Jamal Smith
Batting: RHB Juan Vázquez 0-0: Called Strike
0-1: Ball
1-1: Ball
2-1: Foul Ball, location: 9LMF
2-2: Foul Ball, location: 2F
2-2: Ground out 6-3 (Groundball, 56, EV 107.5 MPH)
Batting: LHB Jim Ford 0-0: Called Strike
0-1: Ball
1-1: DOUBLE (Line Drive, 8RXD, EV 106.3 MPH)
Batting: RHB Raúl Ramírez 0-0: Called Strike
0-1: Ball
1-1: Ball
2-1: TRIPLE (Flyball, 9LD, EV 97.5 MPH)
Jim Ford scores
Pinch Runner at 3rd Dan Aldridge:
Batting: SHB Eustachio Tucci 0-0: Ball
1-0: DOUBLE (Line Drive, 9LM, EV 106.3 MPH)
Dan Aldridge scores
Batting: LHB Ben Browning 0-0: Foul Ball, location: 23FF
0-1: Ball
1-1: Ball
2-1: Ball
3-1: SINGLE (Line Drive, 78S, EV 100.6 MPH)
Eustachio Tucci to third
Runner from 3rd tries for Home, SAFE, throw by LF to home
Batting: RHB Tony Blevins 0-0: Ball
1-0: Called Strike
1-1: Swinging Strike
1-2: Ball
2-2: Foul Ball, location: 3DF
2-2: Ball
3-2: Foul Ball, location: 3DF
3-2: Grounds into double play, 5-4-3 (Groundball, 56S, EV 87.5 MPH)
Top of the 6th over - 3 runs, 4 hits, 0 errors, 0 left on base; New Hampshire 3 - Erie 0
BOTTOM OF THE 6TH
Erie SeaWolves batting - Pitching for New Hampshire Fisher Cats : RHP Apomurti Sudhanshu
Now in CF: Bubba Larkin
Batting: LHB Víctor Echevarría 0-0: Fly out, F8 (Flyball, 8LD, EV 101.3 MPH)
Batting: SHB Dave Brooks 0-0: Ball
1-0: Swinging Strike
1-1: Ball
2-1: Called Strike
2-2: Strikes out swinging
Batting: SHB António González 0-0: Ball
1-0: Foul Ball, location: 2F
1-1: Ball
2-1: Called Strike
2-2: Strikes out swinging, 2-3 out at first.
Bottom of the 6th over - 0 runs, 0 hits, 0 errors, 0 left on base; New Hampshire 3 - Erie 0
TOP OF THE 7TH
New Hampshire Fisher Cats batting - Pitching for Erie SeaWolves : RHP Jamal Smith
Batting: LHB Walt Ramsey 0-0: Called Strike
0-1: Ball
1-1: Called Strike
1-2: SINGLE (Groundball, 56, EV 91.3 MPH)
Batting: RHB Jimmy Kirk 0-0: Ball
1-0: Ball
2-0: Called Strike
2-1: SINGLE (Groundball, 4D, EV 94.4 MPH)
Walt Ramsey to second
Runner from 2nd tries for 3rd, SAFE, throw by CF made to third
Batting: RHB Luis Cuestas 0-0: Swinging Strike
0-1: DOUBLE (Flyball, 89D, EV 100.0 MPH)
Walt Ramsey scores
Jimmy Kirk to third
Batting: RHB Juan Vázquez 0-0: Called Strike
0-1: Ball
1-1: Called Strike
1-2: Ball
2-2: Ball
3-2: Base on Balls
Batting: LHB Jim Ford 0-0: Called Strike
0-1: Foul Ball, location: 5SF
0-2: Strikes out swinging
Batting: LHB Bubba Larkin 0-0: Ball
1-0: Called Strike
1-1: Grounds into double play, 4-6-3 (Groundball, 4, EV 98.1 MPH)
Top of the 7th over - 1 run, 3 hits, 0 errors, 2 left on base; New Hampshire 4 - Erie 0
BOTTOM OF THE 7TH
Erie SeaWolves batting - Pitching for New Hampshire Fisher Cats : RHP Apomurti Sudhanshu
Batting: RHB Bob Adams 0-0: Ball
1-0: Called Strike
1-1: Foul Ball, location: 5F
1-2: Strikes out swinging
Pitching: RHP Juan Barbosa
Batting: RHB Dan Strong 0-0: Ball
1-0: Ball
2-0: Ball
3-0: Called Strike
3-1: Foul Ball, location: 2F
3-2: Foul Ball, location: 2F
3-2: Base on Balls
Batting: RHB Bob Barber 0-0: Swinging Strike
0-1: Foul Ball, location: 2F
0-2: Fly out, F9 (Flyball, 9D, EV 88.8 MPH)
Batting: RHB Oliver Vera 0-0: Foul Ball, location: 2RF
0-1: Ball
1-1: Ball
2-1: Foul Ball, location: 3SF
2-2: Fly out, F9 (Flyball, 89S, EV 91.3 MPH)
Bottom of the 7th over - 0 runs, 0 hits, 0 errors, 1 left on base; New Hampshire 4 - Erie 0
TOP OF THE 8TH
New Hampshire Fisher Cats batting - Pitching for Erie SeaWolves : RHP Jamal Smith
Pitching: RHP Dave Cox
Batting: SHB Eustachio Tucci 0-0: Foul Ball, location: 2F
0-1: Fly out, F8 (Flyball, 8RM, EV 91.3 MPH)
Batting: LHB Ben Browning 0-0: Called Strike
0-1: Ball
1-1: Swinging Strike
1-2: Strikes out swinging, 2-3 out at first.
Batting: RHB Tony Blevins 0-0: Ball
1-0: Foul Ball, location: 5DF
1-1: SINGLE (Line Drive, 7LS, EV 95.6 MPH)
Batting: LHB Walt Ramsey 0-0: Fielders Choice at 2nd, 6-4 (Groundball, 6, EV 101.9 MPH)
Top of the 8th over - 0 runs, 1 hit, 0 errors, 1 left on base; New Hampshire 4 - Erie 0
BOTTOM OF THE 8TH
Erie SeaWolves batting - Pitching for New Hampshire Fisher Cats : RHP Juan Barbosa
Batting: LHB José Hernández 0-0: Ball
1-0: SINGLE (Line Drive, 7S, EV 101.9 MPH)
Batting: RHB Rocky Brown 0-0: Ball
1-0: Called Strike
1-1: Foul Ball, location: 3F
1-2: SINGLE (Line Drive, 7S, EV 83.8 MPH)
José Hernández to second
Batting: LHB Víctor Echevarría 0-0: Called Strike
0-1: Called Strike
0-2: Ball
1-2: Ball
2-2: Strikes out swinging
Batting: SHB Dave Brooks 0-0: Ground out 6-3 (Groundball, 6MS, EV 66.3 MPH)
José Hernández to third
Rocky Brown to second
Batting: SHB António González 0-0: Foul Ball, location: 9LMFF
0-1: Ball
1-1: Ball
2-1: Foul Ball, location: 2RF
2-2: Foul Ball, location: 2F
2-2: Strikes out swinging
Bottom of the 8th over - 0 runs, 2 hits, 0 errors, 2 left on base; New Hampshire 4 - Erie 0
TOP OF THE 9TH
New Hampshire Fisher Cats batting - Pitching for Erie SeaWolves : RHP Dave Cox
Pinch Hitting: LHB Ben Johnson 0-0: Ball
1-0: Called Strike
1-1: Ball
2-1: Swinging Strike
2-2: Strikes out swinging
Batting: RHB Luis Cuestas 0-0: Ball
1-0: Called Strike
1-1: Foul Ball, location: 2F
1-2: Ball
2-2: Foul Ball, location: 2F
2-2: Strikes out looking
Batting: RHB Juan Vázquez 0-0: SINGLE (Groundball, 6MD, EV 98.1 MPH)
Batting: LHB Jim Ford 0-0: Ball
1-0: Called Strike
1-1: Ball
2-1: Foul Ball, location: 2F
2-2: Foul Ball, location: 2F
2-2: Foul Ball, location: 9LMF
2-2: Ball
3-2: Fly out, F7 (Flyball, 7, EV 83.1 MPH)
Top of the 9th over - 0 runs, 1 hit, 0 errors, 1 left on base; New Hampshire 4 - Erie 0
BOTTOM OF THE 9TH
Erie SeaWolves batting - Pitching for New Hampshire Fisher Cats : RHP Juan Barbosa
Now at 3B: Pat Roberts
Batting: RHB Bob Adams 0-0: Ball
1-0: Ball
2-0: Ball
3-0: Called Strike
3-1: DOUBLE (Flyball, 8LXD, EV 110.0 MPH)
Pinch Hitting: LHB Manny Blanco 0-0: Called Strike
0-1: SINGLE (Line Drive, 56D, EV 96.3 MPH)
Bob Adams to third
Pitching: RHP Bob McCarty
Pinch Hitting: SHB José Díaz 0-0: Called Strike
0-1: Swinging Strike
0-2: Ball
1-2: Ball
2-2: Foul Ball, location: 23F
2-2: Ball
3-2: Foul Ball, location: 7LSF
3-2: DOUBLE (Flyball, 9LD, EV 95.6 MPH)
Bob Adams scores
Manny Blanco to third
Pinch Hitting: LHB Bob Brewer 0-0: Ball
1-0: Swinging Strike
1-1: Foul Ball, location: 7LSF
1-2: Ball
2-2: Strikes out looking
Batting: LHB José Hernández 0-0: Ground out U3 (Groundball, 3, EV 85.0 MPH)
Batting: RHB Rocky Brown 0-0: Ball
1-0: Foul Ball, location: 7LDF
1-1: Called Strike
1-2: Strikes out swinging
Bottom of the 9th over - 1 run, 3 hits, 0 errors, 2 left on base; New Hampshire 4 - Erie 1
Wednesday, May 1st , 2024 - OOTP Baseball 24.10 Build 82